 Dungeon Crawl Stone Soup version 0.24.0-37-gcf1ca852f1 (webtiles) character file.

Game seed: 8301989863278911259, levelgen mode: deterministic

52631 mahrnol the Blocker (level 14, 0/110 HPs)
             Began as a Demonspawn Chaos Knight on Nov 29, 2019.
             Was a Plaything of Xom.
             Slain by a ghost moth (6 damage)
             ... on level 4 of the Lair of Beasts.
             The game lasted 02:22:50 (19065 turns).

mahrnol the Blocker (Demonspawn Chaos Knight)      Turns: 19065, Time: 02:22:52

Health: 0/110      AC: 12    Str: 17    XL:     14   Next: 27%
Magic:  0/14       EV: 14    Int: 10    God:    Xom [....*.]
Gold:   1569       SH:  0    Dex: 23    Spells: 13/13 levels left

rFire    + . .     SeeInvis +   R - +1 glaive "Killer Bee's Death" {speed, Dex+4 SInv} (curse)
rCold    x . .     Gourm    .   (shield currently unavailable)
rNeg     + . .     Faith    .   O - +0 troll leather armour
rPois    +         Spirit   +   G - +2 hat
rElec    .         Reflect  .   l - +2 cloak
rCorr    .         Harm     .   h - +0 pair of gloves
MR       +....                  (no boots)
Stlth    ++........             N - amulet of Qitas {Spirit +Fly rPois}
HPRegen  0.68/turn              J - ring of Ughiziuw {rN+ Int-2 Slay+3} (curse)
MPRegen  0.14/turn              b - ring "Ozoxzimusa" {Fire rPois Int-2 Dex+4}

@: no status effects
A: claws 1, talons 1, molten scales 2, agile 1, blink, deformed body, screaming
2, spiny 3, wild magic 1, rot immunity
a: Blink, Renounce Religion, Evoke Flight


You were on level 4 of the Lair of Beasts.
You worshipped Xom.
You were a beloved toy of Xom.
You were not hungry.

You visited 4 branches of the dungeon, and saw 19 of its levels.
You also visited: Volcano.

You collected 1569 gold pieces.

Inventory:

Hand Weapons
 a - a +0 spear of chaos
 e - a +2 hand axe of flaming
 s - a +1 spear of freezing
 L - a +2 short sword of venom
 R - the cursed +1 glaive "Killer Bee's Death" (weapon) {speed, Dex+4 SInv}
   (You found it on level 6 of the Lair of Beasts)

   Attacks with this weapon are significantly faster.
   It affects your dexterity (+4).
   It lets you see invisible.
   It has a curse placed upon it.
 U - a +2 hand axe of chopping
 V - a +2 glaive of flaming
Missiles
 n - 3 silver boomerangs (quivered)
Armour
 h - a +0 pair of gloves (worn)
 j - the +0 robe of Lath {rElec MP+9 Int-4 Slay+6}
   (You found it on level 8 of the Dungeon)

   It affects your intelligence (-4).
   It affects your accuracy and damage with ranged weapons and melee attacks
   (+6).
   It insulates you from electricity.
   It affects your magic capacity (+9).
 l - a +2 cloak (worn)
 p - a +2 large shield
 B - a +2 plate armour of fire resistance
 G - a +2 hat (worn)
 O - a +0 troll leather armour (worn)
Jewellery
 b - the ring "Ozoxzimusa" (right hand) {Fire rPois Int-2 Dex+4}
   (Xom gifted it to you on level 11 of the Dungeon)

   [ring of fire]

   It enhances your fire magic.
   It affects your intelligence (-2).
   It affects your dexterity (+4).
   It protects you from fire.
   It makes you vulnerable to cold.
   It protects you from poison.
 v - an uncursed ring of see invisible
 J - the cursed ring of Ughiziuw (left hand) {rN+ Int-2 Slay+3}
   (You found it on level 2 of the Lair of Beasts)

   [ring of intelligence]

   It affects your intelligence (-2).
   It affects your accuracy and damage with ranged weapons and melee attacks
   (+3).
   It protects you from negative energy.
   It has a curse placed upon it.
 M - an uncursed ring of positive energy
 N - the amulet of Qitas (around neck) {Spirit +Fly rPois}
   (You found it on level 11 of the Dungeon)

   [amulet of guardian spirit]

   It causes incoming damage to be split between your health and magic.
   It protects you from poison.
   It lets you fly.
Wands
 k - a wand of enslavement (2)
 q - a wand of acid (7)
 u - a wand of polymorph (6)
 A - a wand of flame (25)
 T - a wand of iceblast (31)
Scrolls
 f - a scroll of acquirement
 i - 11 scrolls of remove curse
 o - 5 scrolls of teleportation
 r - 3 scrolls of enchant weapon
 t - a scroll of summoning
 y - a scroll of enchant armour {unknown}
 C - 5 scrolls of magic mapping
 H - 2 scrolls of fog
 I - 2 scrolls of immolation
 K - 4 scrolls of blinking
 Q - a scroll of vulnerability {unknown}
 S - 2 scrolls of identify
 W - 3 scrolls of silence
Potions
 d - 5 potions of curing
 m - 4 potions of might
 w - a potion of brilliance
 x - 3 potions of lignification
 z - a potion of invisibility
 D - 3 potions of flight
 E - 3 potions of haste
 F - a potion of berserk rage
 P - 2 potions of agility
 X - 2 potions of magic
 Z - 3 potions of resistance
Comestibles
 c - 42 rations
 Y - 5 chunks of flesh


   Skills:
 + Level 10.2 Fighting
 - Level 3.0(9.1) Axes
 * Level 13.0(13.1) Polearms
 + Level 6.4 Armour
 - Level 3.5 Dodging
 - Level 1.3 Stealth
 * Level 14.7 Shields
 + Level 0.5 Unarmed Combat


You had 13 spell levels left.
You didn't know any spells.
Your spell library contained the following spells:

 Spells                   Type           Power        Failure   Level  Hunger
 Animate Skeleton         Necr           N/A          50%         1    ##.....
 Apportation              Tloc           #.....       50%         1    ##.....
 Confusing Touch          Hex            #.....       50%         1    ##.....
 Flame Tongue             Conj/Fire      #....        50%         1    ##.....
 Magic Dart               Conj           #...         50%         1    ##.....
 Summon Small Mammal      Summ           #...         50%         1    ##.....
 Blink                    Tloc           N/A          65%         2    ###....
 Call Imp                 Summ           #.......     65%         2    ###....
 Ensorcelled Hibernation  Hex/Ice        #.....       65%         2    ###....
 Slow                     Hex            #.......     65%         2    ###....
 Throw Flame              Conj/Fire      #.....       65%         2    ###....
 Conjure Flame            Conj/Fire      #.......     86%         3    ####...
 Inner Flame              Hex/Fire       #.......     86%         3    ####...
 Mephitic Cloud           Conj/Pois/Air  #.......     86%         3    ####...
 Cause Fear               Hex            #.........   99%         4    #####..
 Sticky Flame             Conj/Fire      #.......     99%         4    #####..
 Borgnjor's Vile Clutch   Necr/Erth      #.........   100%        5    ######.
 Fireball                 Conj/Fire      #.........   100%        5    ######.
 Silence                  Hex/Air        #.........   100%        5    ######.
 Yara's Violent Unravell  Hex/Tmut       #.........   100%        5    ######.
 Darkness                 Hex            #.........   100%        6    #######
 Deflect Missiles         Chrm/Air       #.........   100%        6    #######
 Shadow Creatures         Summ           N/A          100%        6    #######
 Discord                  Hex            #.........   100%        8    #######


Dungeon Overview and Level Annotations

Branches:
Dungeon (11/15)            Temple (0/1) D:6            Lair (6/6) D:11
 Shoals (1/4) Lair:3        Slime (0/5) Lair:6      Volcano (visited)
  Snake: Lair:2-4    Spider: Lair:2-4       Orc: D:9-12

Altars:
Cheibriados
Fedhas
Hepliaklqana
Qazlal
Trog
Uskayaw
Vehumet
Wu Jian
Xom
The Shining One
Jiyva

Shops:
D:10 (   D:11 %

Portals:
Trove: D:11 (give +8 demon trident)

Annotations:
D:4 1 runed translucent door, exclusion: door, LordXaan's ghost, amateur MiBe
D:11 1 exclusion
Lair:6 exclusion: oklob plant


Innate Abilities, Weirdness & Mutations

You have sharp fingernails.
You are mostly covered in molten scales. (AC +3)
You are completely covered in sharp spines.
You are immune to rotting.
You have sharp toenails.
You are agile. (Dex +2)
You can translocate small distances at will.
Armour fits poorly on your strangely shaped body.
You sometimes yell uncontrollably at your foes.
Your spells are a little harder to cast, but a little more powerful.


Message History

You climb upwards.
Welcome back to the Lair of Beasts!
The hole to the Spider Nest slides away from you right after you climb it!
* * * LOW HITPOINT WARNING * * *
You feel extremely sick.
You blink.
You feel slightly more hungry.
* * * LOW HITPOINT WARNING * * *
You feel very sick. The ghost moth stares at you.
You feel your power leaking away.
You feel better. The ghost moth stares at you.
You open the door. The ghost moth stares at you.
The ghost moth hits you but does no damage.
The ghost moth hits you!
* * * LOW HITPOINT WARNING * * *
The ghost moth stings you but does no damage.
The ghost moth hits you.
You die...
Xom bursts into laughter!

# ##.# #.#.#.###^##..### ### #P.#
##.#...#.#.#.#..# ..# #..##
##.[..^####...### .#### ##..#
##..>####.##.#P# '#P.##
#####.#####ā‰ˆā‰ˆā‰ˆ##........#
.....# #........##.s..........##
.....###........#..............#
....+...........y#.............#
.....#..........@sĀ§...........P#
.....##.........###.#.........##
.#######.......>.####.........#
## ##........# #######.###
########## ###


You could see a ghost moth (invisible) and a wolf spider.

Vanquished Creatures
  Gastronok (D:8)
  Nessos (Lair:5)
  4 hydras
  2 two-headed ogres (Volcano)
  An unseen horror (Lair:6)
  3 harpies (Shoals:1)
  2 manticores
  3 salamanders (Volcano)
  Pikel (D:8)
  A moth of wrath (Lair:1)
  A wolf spider (Spider:1)
  A merfolk siren (Lair:3)
  2 black mambas
  3 elephants (Lair:4)
  6 spiny frogs
  3 rime drakes
  10 komodo dragons
  2 jumping spiders (Lair:4)
  4 polar bears
  3 trolls
  4 hornets
  A blink frog (shapeshifter) (Spider:1)
  9 dream sheep
  5 blink frogs (Lair:6)
  7 hippogriffs
  3 tarantellas (Spider:1)
  9 spriggans (Lair:6)
  A wraith (D:10)
  8 redbacks
  42 yaks
  3 basilisks
  2 hungry ghosts (D:8)
  2 wyverns
  A human (Lair:1)
  An acid dragon (D:11)
  3 hell hounds (Volcano)
  25 water moccasins
  A floating eye (shapeshifter) (D:5)
  13 porcupines
  A black bear (shapeshifter) (D:6)
  8 orc warriors
  2 sky beasts (D:5)
  2 eyes of draining
  3 black bears (Lair:6)
  8 ogres
  4 necrophages
  31 wolves
  4 boggarts (Lair:6)
  4 phantoms
  A tengu (Lair:5)
  10 centaurs
  11 crocodiles
  3 big kobolds (D:10)
  10 bullfrogs
  A gnoll sergeant (D:11)
  8 scorpions
  3 killer bees
  2 wights (D:11)
  2 howler monkeys
  3 crimson imps
  3 quasits
  A bullfrog skeleton (D:10)
  2 centaur zombies
  5 orc priests
  5 hounds
  5 jellies
  10 orc wizards
  3 centaur skeletons
  4 iguanas
  Ijyb (D:3)
  Jessica (D:3)
  Natasha (thrice) (D:3)
  8 hell rats
  6 worker ants
  A hound zombie (D:9)
  Robin (D:3)
  10 gnolls
  10 adders
  8 river rats (Lair:2)
  2 shadow imps
  2 oozes
  An adder zombie (D:8)
  2 adder skeletons
  3 worms
  4 leopard geckos
  58 orcs
  2 giant cockroaches
  13 hobgoblins
  11 jackals
  2 quokkas
  2 ball pythons
  10 bats
  5 frilled lizards
  A giant cockroach zombie (D:6)
  14 goblins
  13 kobolds
  19 rats
  A plant (Lair:6)
567 creatures vanquished.

Vanquished Creatures (collateral kills)
  A two-headed ogre (D:8)
  Nergalle (Lair:2)
  A troll (D:10)
  A hornet (D:10)
  A spriggan (Lair:6)
  A water moccasin (Lair:6)
  A centaur (D:10)
  An orc warrior (D:6)
  A boggart (Lair:6)
  An ogre (D:10)
  A bullfrog (D:6)
  A howler monkey (D:6)
  An orc wizard (D:10)
  An iguana (D:6)
  A hell rat (Lair:6)
  A worker ant (D:6)
  A hound skeleton (D:10)
  2 gnolls (D:2)
  An adder skeleton (D:6)
  A leopard gecko (D:8)
  4 orcs
  A jackal (D:6)
  A plant (Lair:5)
27 creatures vanquished.

Vanquished Creatures (others)
  A two-headed ogre (Volcano)
  A wizard (D:8)
  A wolf spider (Spider:1)
  A hippogriff (D:9)
  A tarantella (Spider:1)
  A floating eye (shapeshifter) (D:8)
  A sky beast (D:9)
  An orc warrior (D:9)
  3 slaves (D:8)
  2 centaurs (D:11)
  2 killer bees (D:8)
  A crimson imp (D:9)
  2 orc wizards (D:9)
  A shadow imp (D:8)
  2 orcs (D:9)
  A jackal (D:6)
  5 fungi
  6 plants
  A withered plant (D:11)
34 creatures vanquished.

Grand Total: 628 creatures vanquished

Notes
Turn   | Place    | Note
-------+----------+-------------------------------------------
     0 | D:1      | mahrnol the Demonspawn Chaos Knight began the quest for the
                  | Orb.
     0 | D:1      | Reached XP level 1. HP: 18/18 MP: 1/1
    96 | D:1      | XOM: harmless Fire miscast
   192 | D:1      | XOM: noise
   290 | D:1      | Gained mutation: You have sharp fingernails. [demonic
                  | ancestry]
   290 | D:1      | Reached XP level 2. HP: 19/24 MP: 2/2
   309 | D:1      | Reached skill level 1 in Dodging
   672 | D:1      | Gained mutation: You are partially covered in molten
                  | scales. (AC +2) [demonic ancestry]
   672 | D:1      | Reached XP level 3. HP: 26/29 MP: 3/3
   708 | D:1      | XOM: 2-stop teleportation journey
   954 | D:2      | XOM: mild Tmut miscast
  1199 | D:2      | Gained mutation: You are partially covered in sharp spines.
                  | [demonic ancestry]
  1199 | D:2      | Reached XP level 4. HP: 33/35 MP: 4/4
  1228 | D:2      | XOM: harmless Tmut miscast
  1439 | D:2      | XOM: cast spell 'Summon Ice Beast'
  1460 | D:2      | Reached XP level 5. HP: 26/41 MP: 5/5
  1579 | D:2      | Reached skill level 1 in Shields
  1853 | D:3      | XOM: smoke on damage
  1859 | D:3      | Reached skill level 1 in Stealth
  2013 | D:3      | Noticed Jessica
  2027 | D:3      | XOM: confuse monster(s)
  2048 | D:3      | Killed Jessica
  2120 | D:3      | Noticed Ijyb
  2126 | D:3      | XOM: harmless Pois miscast
  2163 | D:3      | XOM: harmless Summ miscast
  2182 | D:3      | Killed Ijyb
  2182 | D:3      | Reached skill level 2 in Shields
  2403 | D:3      | Noticed Natasha
  2405 | D:3      | Found a blossoming altar of Fedhas.
  2410 | D:3      | Killed Natasha
  2410 | D:3      | Reached XP level 6. HP: 47/47 MP: 6/6
  2432 | D:3      | Found a stormy altar of Qazlal.
  2494 | D:3      | Noticed Natasha
  2506 | D:3      | Killed Natasha
  2527 | D:3      | Noticed Natasha
  2537 | D:3      | Killed Natasha
  2568 | D:3      | Noticed Robin
  2575 | D:3      | Killed Robin
  2646 | D:3      | XOM: divination: detect creatures
  2654 | D:3      | Reached skill level 5 in Polearms
  2659 | D:3      | XOM: potion effect (heal wounds)
  2958 | D:4      | Reached XP level 7. HP: 45/53 MP: 7/7
  3115 | D:4      | Reached skill level 3 in Shields
  3283 | D:4      | Found a runed translucent door.
  3289 | D:4      | Noticed LordXaan's ghost (amateur MiBe)
  3343 | D:4      | XOM: silly message
  3574 | D:5      | Entered Level 5 of the Dungeon
  3649 | D:5      | XOM: silly message
  3662 | D:5      | XOM: enchant monster (bad)
  3880 | D:5      | XOM: confuse monster(s)
  3906 | D:5      | Noticed a glowing shapeshifter
  3906 | D:5      | a sky beast changed into a glowing shapeshifter
  3906 | D:5      | Noticed a swamp dragon
  3906 | D:5      | a glowing shapeshifter changed into a swamp dragon
  3913 | D:5      | XOM: smoke on damage
  3914 | D:5      | Noticed a shock serpent
  3914 | D:5      | a swamp dragon changed into a shock serpent
  3916 | D:5      | Noticed a shining eye
  3916 | D:5      | a shock serpent changed into a shining eye
  3917 | D:5      | Noticed an elephant
  3917 | D:5      | a shining eye changed into an elephant
  3918 | D:5      | Noticed a salamander
  3918 | D:5      | an elephant changed into a salamander
  3919 | D:5      | Noticed a yaktaur
  3919 | D:5      | a salamander changed into a yaktaur
  3943 | D:5      | XOM: mild Summ miscast
  4278 | D:5      | XOM: summons 1 hostile demon
  4287 | D:5      | XOM: summons 3 hostile shadow creatures
  4299 | D:5      | XOM: summons 2 hostile demons
  4593 | D:5      | Noticed a torpor snail
  4597 | D:5      | Noticed a death drake
  4597 | D:5      | a torpor snail changed into a death drake
  4598 | D:5      | Noticed a moth of wrath
  4598 | D:5      | a death drake changed into a moth of wrath
  4599 | D:5      | Noticed an eye of devastation
  4599 | D:5      | a moth of wrath changed into an eye of devastation
  4664 | D:5      | Noticed a redback
  4664 | D:5      | XOM: enchant monster (bad)
  4664 | D:5      | Noticed a wind drake
  4684 | D:5      | Noticed a fire bat
  4691 | D:5      | Noticed a glowing shapeshifter
  4691 | D:5      | a fire bat changed into a glowing shapeshifter
  4691 | D:5      | XOM: polymorph fire bat -> glowing shapeshifter
  4691 | D:5      | Noticed a yaktaur
  4691 | D:5      | a glowing shapeshifter changed into a yaktaur
  4699 | D:6      | XOM: medium Summ miscast
  4700 | D:6      | Noticed a small abomination
  4700 | D:6      | Noticed a small abomination
  4701 | D:5      | Noticed a raiju
  4701 | D:5      | a yaktaur changed into a raiju
  4706 | D:5      | Noticed a polar bear
  4706 | D:5      | a raiju changed into a polar bear
  4710 | D:6      | Noticed Sigmund
  4713 | D:5      | XOM: blink monster(s)
  4715 | D:5      | Noticed a golden eye
  4715 | D:5      | a polar bear changed into a golden eye
  4718 | D:5      | a golden eye changed into something unseen
  4719 | D:5      | Noticed a fire crab
  4722 | D:5      | a fire crab changed into a floating eye
  4724 | D:5      | XOM: harmless Erth miscast
  4726 | D:5      | Paralysed by a floating eye for 4 turns
  4731 | D:5      | Gained mutation: You are mostly covered in sharp spines.
                  | [demonic ancestry]
  4731 | D:5      | Reached XP level 8. HP: 15/60 MP: 8/8
  4773 | D:5      | XOM: noise
  4880 | D:5      | XOM: cloud trail
  4945 | D:6      | Reached skill level 4 in Shields
  4975 | D:6      | XOM: potion effect (agility)
  5124 | D:6      | XOM: potion effect (agility)
  5135 | D:6      | XOM: fog
  5145 | D:6      | Noticed Sigmund
  5145 | D:6      | Sigmund changed into Sigmund the worm
  5147 | D:6      | Noticed Sigmund
  5147 | D:6      | Sigmund the worm changed into Sigmund the shapeshifter
  5148 | D:6      | Noticed Sigmund
  5148 | D:6      | Sigmund the shapeshifter changed into Sigmund the black
                  | bear
  5153 | D:6      | Killed Sigmund the black bear
  5180 | D:6      | XOM: destruction
  5189 | D:6      | XOM: confuse monster(s)
  5373 | D:6      | Reached skill level 5 in Shields
  5385 | D:6      | Found a staircase to the Ecumenical Temple.
  5763 | D:7      | Found a snail-covered altar of Cheibriados.
  5806 | D:7      | XOM: butterfly on damage
  5809 | D:7      | XOM: smoke on damage
  5817 | D:7      | XOM: fog
  6005 | D:7      | XOM: chaos upgrade
  6006 | D:7      | Gained mutation: You are mostly covered in molten scales.
                  | (AC +3) [demonic ancestry]
  6006 | D:7      | Reached XP level 9. HP: 42/66 MP: 9/9
  6009 | D:7      | Found a hazy altar of Hepliaklqana.
  6011 | D:7      | Found an ornate altar of the Wu Jian Council.
  6013 | D:7      | Found a hide-covered altar of Uskayaw.
  6301 | D:7      | Found a radiant altar of Vehumet.
  6400 | D:7      | XOM: scenery: create altars
  6431 | D:7      | XOM: polymorph orc warrior -> killer bee
  6799 | D:8      | XOM: fake destruction
  6860 | D:8      | Noticed Pikel
  6874 | D:8      | XOM: give mutations
  6874 | D:8      | Gained mutation: You have a pair of small horns on your
                  | head. [Xom's grace]
  6874 | D:8      | Gained mutation: You expend magic power (3 MP) to
                  | strengthen your wands. [Xom's grace]
  6874 | D:8      | Gained mutation: You can translocate small distances at
                  | will. [Xom's grace]
  6883 | D:8      | Killed Pikel
  6883 | D:8      | Reached skill level 5 in Fighting
  6883 | D:8      | Reached skill level 6 in Shields
  6916 | D:8      | Noticed a two-headed ogre
  6923 | D:8      | XOM: summons 8 friendly demons
  6932 | D:8      | Killed a two-headed ogre
  6932 | D:8      | Reached skill level 7 in Shields
  6948 | D:8      | Noticed a two-headed ogre
  6977 | D:8      | XOM: god gift: runed halberd {god gift}
  7014 | D:8      | XOM: scenery: create altars
  7015 | D:8      | Noticed a glowing shapeshifter
  7015 | D:8      | a two-headed ogre changed into a glowing shapeshifter
  7015 | D:8      | XOM: polymorph two-headed ogre -> glowing shapeshifter
  7015 | D:8      | a glowing shapeshifter changed into a floating eye
  7017 | D:8      | XOM: divine lightning
  7158 | D:8      | XOM: snakes to sticks
  7162 | D:8      | XOM: harmless Pois miscast
  7164 | D:8      | XOM: divination: magic mapping
  7199 | D:8      | Noticed Gastronok
  7207 | D:8      | XOM: butterfly on damage
  7208 | D:8      | XOM: potion effect (brilliance)
  7210 | D:8      | HP: 2/68 [Gastronok (29)]
  7215 | D:8      | XOM: potion effect (invisibility)
  7221 | D:8      | XOM: confuse monster(s)
  7222 | D:8      | XOM: confuse monster(s)
  7227 | D:8      | HP: 2/68 [Gastronok/the air (8)]
  7243 | D:8      | XOM: divination: detect items
  7245 | D:8      | Killed Gastronok
  7245 | D:8      | Reached skill level 8 in Shields
  7245 | D:8      | Gained mutation: You are completely covered in sharp
                  | spines. [demonic ancestry]
  7245 | D:8      | Reached XP level 10. HP: 12/76 MP: 10/10
  7353 | D:8      | XOM: medium Ice miscast
  7722 | D:8      | Found a glowing golden altar of the Shining One.
  7814 | D:8      | Got a shadowed robe
  7825 | D:8      | Identified the +0 robe of Lath {rElec MP+9 Int-4 Slay+6}
                  | (You found it on level 8 of the Dungeon)
  7860 | D:8      | Found a bloodstained altar of Trog.
  7867 | D:8      | Noticed a wizard
  7872 | D:8      | Killed a wizard
  7974 | D:8      | XOM: cloud trail
  8155 | D:9      | XOM: mild Erth miscast
  8409 | D:9      | Reached skill level 10 in Polearms
  8409 | D:9      | Reached skill level 9 in Shields
  8494 | D:9      | XOM: confuse monster(s)
  8506 | D:9      | XOM: silly message
  8508 | D:9      | XOM: medium Air miscast
  8509 | D:9      | XOM: divine lightning
  8678 | D:9      | XOM: mild Chrm miscast
  8729 | D:10     | Entered Level 10 of the Dungeon
  8825 | D:10     | XOM: mild Fire miscast
  8934 | D:10     | Found Yrion's Weapon Shoppe.
  8947 | D:10     | XOM: give mutation
  8947 | D:10     | Gained mutation: You occasionally shout uncontrollably at
                  | your foes. [Xom's mischief]
  8950 | D:10     | Reached XP level 11. HP: 83/83 MP: 1/11
  9020 | D:10     | XOM: cast spell 'Summon Dragon'
  9046 | D:10     | XOM: harmless Erth miscast
  9112 | D:10     | XOM: harmless Chrm miscast
  9225 | D:10     | XOM: confuse monster(s)
  9240 | D:10     | XOM: cast spell 'Olgreb's Toxic Radiance'
  9325 | D:10     | XOM: mild Summ miscast
  9427 | D:10     | Reached skill level 10 in Shields
  9455 | D:10     | XOM: give mutations
  9455 | D:10     | Gained mutation: You sometimes yell uncontrollably at your
                  | foes. [Xom's mischief]
  9455 | D:10     | Lost mutation: You have a pair of small horns on your head.
                  | [Xom's mischief]
  9455 | D:10     | Gained mutation: You are frail. (-10% HP) [Xom's mischief]
  9455 | D:10     | Lost mutation: You expend magic power (3 MP) to strengthen
                  | your wands. [Xom's mischief]
  9461 | D:10     | Noticed a two-headed hydra
  9461 | D:10     | XOM: silly message
  9477 | D:10     | Killed a two-headed hydra
  9611 | D:10     | XOM: smoke on damage
  9631 | D:10     | XOM: potion effect (might)
  9845 | D:11     | XOM: noise
  9848 | D:11     | XOM: 2-stop teleportation journey
  9876 | D:11     | XOM: scenery: create altars
  9898 | D:11     | XOM: summons 2 hostile demons
  9949 | D:11     | Got a heavily runed silver amulet
  9950 | D:11     | Identified the amulet of Qitas {Spirit +Fly rPois} (You
                  | found it on level 11 of the Dungeon)
  9975 | D:11     | XOM: polymorph orc wizard -> howler monkey
 10008 | D:11     | XOM: harmless Ice miscast
 10038 | D:11     | Found Eqef's Food Emporium.
 10112 | D:11     | XOM: potion effect (brilliance)
 10116 | D:11     | XOM: confusion
 10130 | D:11     | Found a staircase to the Lair.
 10151 | D:11     | XOM: polymorph orc -> rat
 10152 | D:11     | XOM: summons 5 hostile demons
 10153 | D:11     | XOM: give mutation
 10153 | D:11     | Gained mutation: Your muscles are strong. (Str +2) [Xom's
                  | grace]
 10164 | D:11     | XOM: polymorph orc priest -> adder
 10241 | D:11     | XOM: god gift: 35 gold pieces
 10324 | D:11     | XOM: god gift: scintillating turquoise ring {god gift}
 10325 | D:11     | Got a scintillating turquoise ring {god gift}
 10390 | D:11     | Reached skill level 11 in Shields
 10455 | D:11     | Found a portal to a secret trove of treasure.
 10559 | D:11     | XOM: divination: detect creatures
 10690 | D:11     | Identified the ring "Ozoxzimusa" {Fire rPois Int-2 Dex+4}
                  | (Xom gifted it to you on level 11 of the Dungeon)
 10701 | Lair:1   | Entered Level 1 of the Lair of Beasts
 10720 | Lair:1   | XOM: god gift: wand of iceblast (9)
 10746 | Lair:1   | XOM: fog
 10751 | Lair:1   | XOM: god gift: 56 gold pieces
 10754 | Lair:1   | XOM: summons 5 hostile demons
 10758 | Lair:1   | XOM: harmless Chrm miscast
 10779 | Lair:1   | XOM: summons 5 hostile demons
 11037 | Lair:1   | XOM: harmless Fire miscast
 11061 | Lair:1   | XOM: 1-stop teleportation journey
 11069 | Lair:1   | XOM: confusion
 11079 | Lair:1   | XOM: 1-stop teleportation journey
 11095 | Lair:1   | XOM: polymorph spiny frog -> troll
 11121 | Lair:1   | XOM: cast spell 'Statue Form'
 11128 | Lair:1   | Reached XP level 12. HP: 31/80 MP: 3/12
 11153 | Lair:1   | XOM: potion effect (berserk rage)
 11184 | Lair:1   | XOM: harmless Air miscast
 11233 | Lair:1   | XOM: divination: magic mapping
 11258 | Lair:1   | XOM: harmless Air miscast
 11275 | Lair:1   | XOM: god gift: ration
 11409 | Lair:1   | XOM: harmless Ice miscast
 11418 | Lair:1   | XOM: silly message
 11516 | Lair:1   | Found a bloodstained altar of Trog.
 11631 | Lair:1   | XOM: noise
 11675 | Lair:1   | XOM: summons friendly shadow imp
 11775 | Lair:2   | Noticed an eight-headed hydra
 11785 | Lair:2   | XOM: cast spell 'Summon Butterflies'
 11796 | Lair:2   | Killed a one-headed hydra
 11816 | Lair:2   | Paralysed by you for 2 turns
 11851 | Lair:2   | Got a smoking granite ring
 11853 | Lair:2   | Identified the cursed ring of Ughiziuw {rN+ Int-2 Slay+3}
                  | (You found it on level 2 of the Lair of Beasts)
 11868 | Lair:2   | XOM: enchant monster (bad)
 11962 | Lair:2   | Noticed Nergalle
 11979 | Lair:2   | Killed Nergalle
 12030 | Lair:2   | Reached skill level 1 in Axes
 12047 | Lair:2   | XOM: harmless Chrm miscast
 12063 | Lair:2   | Reached skill level 12 in Shields
 12117 | Lair:2   | XOM: mild Hex miscast
 12362 | Lair:2   | XOM: harmless Tmut miscast
 12864 | Lair:3   | XOM: polymorph torpor snail -> manticore
 12890 | Lair:3   | XOM: harmless Tmut miscast
 12907 | Lair:3   | Reached skill level 5 in Armour
 12923 | Lair:3   | XOM: harmless Fire miscast
 12926 | Lair:3   | XOM: enchant monster (good)
 12931 | Lair:3   | XOM: swap monsters
 12972 | Lair:3   | XOM: blink monster(s)
 13144 | Lair:3   | Noticed an eight-headed hydra
 13147 | Lair:3   | XOM: confuse monster(s)
 13166 | Lair:3   | Killed a two-headed hydra
 13373 | Lair:3   | Found a staircase to the Shoals.
 13513 | Lair:3   | XOM: divination: detect creatures
 14034 | Lair:4   | XOM: potion effect (invisibility)
 14051 | Lair:4   | XOM: divination: detect items
 14053 | Lair:4   | Reached skill level 13 in Shields
 14093 | Lair:4   | Found a dark tunnel.
 14101 | Volcano  | Entered a volcano
 14139 | Volcano  | XOM: smoke on damage
 14152 | Volcano  | Reached XP level 13. HP: 77/90 MP: 11/13
 14165 | Volcano  | XOM: potion effect (heal wounds)
 14170 | Volcano  | XOM: potion effect (magic)
 14242 | Volcano  | XOM: divination: magic mapping
 14249 | Volcano  | XOM: smoke on damage
 14253 | Volcano  | XOM: scenery: create altars
 14880 | Lair:4   | Identified a scroll of acquirement
 15012 | Lair:4   | XOM: scenery: 2 doors open
 15178 | Lair:4   | Found a hole to the Spider Nest.
 15422 | Lair:4   | XOM: scenery: 1 doors open
 15649 | Lair:5   | XOM: summons friendly shadow imp
 15691 | Lair:5   | XOM: polymorph water moccasin -> scorpion
 15692 | Lair:5   | Noticed Nessos
 15715 | Lair:5   | XOM: summons 8 friendly demons
 15716 | Lair:5   | You are sucked into a shaft and drop 1 floor!
 15716 | Lair:6   | Entered Level 6 of the Lair of Beasts
 15796 | Lair:6   | XOM: polymorph spiny frog -> something unseen
 15800 | Lair:6   | XOM: enchant monster (good)
 15810 | Lair:6   | XOM: swap monsters
 15851 | Lair:6   | XOM: cleaving
 15875 | Lair:6   | Reached skill level 14 in Shields
 15893 | Lair:6   | XOM: mild Pois miscast
 15949 | Lair:6   | XOM: enchant monster (bad)
 15962 | Lair:6   | XOM: 1-stop teleportation journey
 15977 | Lair:6   | XOM: mild Erth miscast
 16086 | Lair:6   | XOM: confusion
 16106 | Lair:6   | XOM: confusion (+ monsters)
 16144 | Lair:6   | XOM: blink monster(s)
 16183 | Lair:6   | XOM: 2-stop teleportation journey
 16211 | Lair:6   | Found a viscous altar of Jiyva.
 16212 | Lair:6   | Found a staircase to the Slime Pits.
 16219 | Lair:6   | XOM: cloud trail
 16237 | Lair:6   | XOM: summons 2 hostile shadow creatures
 16259 | Lair:6   | XOM: god gift: scroll of amnesia
 16325 | Lair:6   | XOM: mild Pois miscast
 16333 | Lair:6   | XOM: blink monster(s)
 16335 | Lair:6   | XOM: summons friendly quasit
 16354 | Lair:6   | XOM: enchant monster (good)
 16367 | Lair:6   | XOM: swap monsters
 16372 | Lair:6   | XOM: blink monster(s)
 16374 | Lair:6   | XOM: swap monsters
 16382 | Lair:6   | XOM: harmless Summ miscast
 16395 | Lair:6   | XOM: give mutations
 16395 | Lair:6   | Gained mutation: Armour fits poorly on your strangely
                  | shaped body. [Xom's mischief]
 16395 | Lair:6   | Lost mutation: Your muscles are strong. (Str +2) [Xom's
                  | mischief]
 16620 | Lair:6   | XOM: swap monsters
 16658 | Lair:6   | XOM: confuse monster(s)
 16711 | Lair:6   | Got a dazzling glaive
 16718 | Lair:6   | Identified the cursed +1 glaive "Killer Bee's Death"
                  | {speed, Dex+4 SInv} (You found it on level 6 of the Lair of
                  | Beasts)
 16727 | Lair:6   | XOM: scenery: create altars
 16745 | Lair:6   | XOM: enchant monster (good)
 16750 | Lair:6   | XOM: cast spell 'Summon Mana Viper'
 16788 | Lair:6   | XOM: god gift: weird runed staff {god gift}
 17102 | Lair:6   | XOM: cast spell 'Summon Small Mammal'
 17163 | Lair:6   | XOM: god gift: 10 gold pieces
 17458 | Lair:6   | XOM: god gift: scroll of teleportation
 17465 | Lair:6   | XOM: 3-stop teleportation journey
 17572 | Lair:5   | Gained mutation: You are immune to rotting. [demonic
                  | ancestry]
 17572 | Lair:5   | Reached XP level 14. HP: 98/98 MP: 14/14
 17752 | Lair:5   | XOM: summons 14 friendly demons
 17772 | Lair:5   | Killed Nessos
 17772 | Lair:5   | Reached skill level 10 in Fighting
 17979 | Lair:5   | XOM: confuse monster(s)
 18074 | Lair:5   | XOM: polymorph water moccasin -> tengu
 18270 | Lair:5   | XOM: give mutations
 18270 | Lair:5   | Gained mutation: You have sharp toenails. [Xom's grace]
 18270 | Lair:5   | Lost mutation: You are frail. (-10% HP) [Xom's grace]
 18270 | Lair:5   | Gained mutation: Your spells are a little harder to cast,
                  | but a little more powerful. [Xom's grace]
 18270 | Lair:5   | Gained mutation: You are agile. (Dex +2) [Xom's grace]
 18409 | Lair:5   | XOM: god gift: plate armour {god gift}
 18625 | Shoals:1 | Entered Level 1 of the Shoals
 18626 | Shoals:1 | XOM: divine lightning
 18835 | Spider:1 | Entered Level 1 of the Spider Nest
 18851 | Spider:1 | XOM: divine lightning
 18859 | Spider:1 | XOM: polymorph redback -> shapeshifter
 18963 | Spider:1 | XOM: give mutations
 18963 | Spider:1 | Gained mutation: You are dopey. (Int -2) [Xom's mischief]
 18963 | Spider:1 | Gained mutation: You are frail. (-10% HP) [Xom's mischief]
 18963 | Spider:1 | Lost mutation: You are frail. (-10% HP) [Xom's mischief]
 18963 | Spider:1 | Lost mutation: You are dopey. (Int -2) [Xom's mischief]
 18971 | Spider:1 | XOM: cloud trail
 19030 | Spider:1 | Noticed a ghost moth
 19042 | Spider:1 | XOM: summons friendly shadow imp
 19051 | Spider:1 | XOM: fog
 19053 | Spider:1 | XOM: repel stairs
 19061 | Lair:4   | HP: 1/110 [poisoned by a redback]
 19065 | Lair:4   | Slain by a ghost moth

Levels and vault maps discovered:
D:1:      dpeg_arrival_water_fire, layout_loops_cross, roderic_st_hans_cross
D:2:      layout_basic, minmay_misc_feat_ornament, roderic_lattice_a,
          minmay_hexomino_u4
D:3:      layout_loops_ring, grunt_temple_overflow_forces_of_nature,
          st_stairs_11, uniq_robin, uniq_jessica, uniq_ijyb, uniq_natasha
D:4:      layout_basic, ebering_ghost_sewer_d
D:5:      layout_rooms, first_ration, minmay_stone_trees_small,
          nrook_pool_corridor, grunt_ministairs_7, serial_bayou_pond_e
D:6:      layout_cave_pools, minmay_temple_entry_glass, grunt_ministairs_1,
          uniq_sigmund
D:7:      layout_layer_cave, chequers_temple_overflow_statue_of_worship,
          vehumet_altar_wand_db
D:8:      layout_loops_ring, nicolae_tso_carved_into_rock, trog_wizard,
          uniq_gastronok, uniq_pikel
D:9:      layout_gridville
D:10:     layout_roguey [special_room_orc], serial_shops, nicolae_shop_stone,
          hangedman_ranch [blue_anna_fruit_fields]
D:11:     layout_basic, lair_entry_dummy, special_room [special_room_orc],
          serial_undead, serial_undead_c, serial_undead_a, serial_undead_a,
          serial_undead_c, enter_trove_6, serial_shops, shop_statue, st_stairs_3
Lair:1:   layout_gridlike, basic_altar, beast_lair_carwin_2
Lair:2:   layout_hall_layers, kennysheep_abandoned_house, uniq_nergalle
Lair:3:   layout_cave_pods, minmay_shoals_entry_lonely_mermaid
Lair:4:   layout_roguey, nicolae_spider_entry_tight_spaces,
          lightli_volcano_entry_magma_tube
Lair:5:   layout_small_grid, grunt_megastairs_2, uniq_nessos
Lair:6:   minmay_lair_end_enchanted_forest, layout_layer_cave, slime_altar_1,
          minmay_lair_oklob_bushes, grunt_forest_small_clearings, ldierk_geyser,
          lemuel_fruit_tree
Shoals:1: layout_shoals, gammafunk_ghost_grave, ldierk_geyser, abandoned_shop,
          uniq_aizul
Spider:1: layout_spider_delve

Skill      XL: |  1  2  3  4  5  6  7  8  9 10 11 12 13 14 |
---------------+-------------------------------------------+-----
Armour         | 2 3 4 5 6 |  6.4
Polearms       | 3 4 5 6 7 9 10 11 12 13 | 13.0
Dodging        | 1 2 3 |  3.5
Shields        | 2 3 5 8 9 11 13 14 | 14.7
Stealth        | 1 |  1.3
Fighting       | 4 5 6 7 8 9 10 | 10.2
Axes           | 1 3 |  3.0
Unarmed Combat | |  0.5

Action                   |  1- 3 |  4- 6 |  7- 9 | 10-12 | 13-15 || total
-------------------------+-------+-------+-------+-------+-------++-------
Melee: Spear             |   153 |   214 |   478 |  1434 |   443 ||  2722
       Unarmed           |       |    25 |       |       |     3 ||    28
       Headbutt          |       |       |    14 |    94 |       ||   108
       Hand axe          |       |       |       |    33 |   120 ||   153
       Glaive            |       |       |       |       |   198 ||   198
       Kick              |       |       |       |       |    15 ||    15
 Abil: Blink             |       |       |       |     4 |     1 ||     5
Evoke: Wand              |       |       |       |     1 |       ||     1
  Use: Scroll            |       |       |     5 |    12 |     9 ||    26
       Potion            |       |       |     3 |     1 |     5 ||     9
 Stab: Sleeping          |     1 |     3 |       |     8 |     2 ||    14
       Paralysed         |       |     3 |    10 |    11 |     4 ||    28
       Petrifying        |       |     2 |     4 |     6 |     5 ||    17
       Confused          |       |     1 |     3 |    10 |    10 ||    24
       Invisible         |       |       |     2 |     1 |       ||     3
       Petrified         |       |       |       |    34 |     2 ||    36
       Distracted        |       |       |       |       |     1 ||     1
  Eat: Chunk             |     1 |     6 |    12 |    27 |    14 ||    60
       Ration            |       |       |     1 |       |     1 ||     2
Armor: Leather armour    |    43 |    47 |   118 |    83 |       ||   291
       Skin              |       |     4 |       |     6 |       ||    10
       Troll leather arm |       |       |       |   118 |    65 ||   183
       Plate armour      |       |       |       |       |   174 ||   174
Dodge: Dodged            |    50 |    35 |    74 |   184 |   174 ||   517
Block: Large shield      |     5 |   109 |   282 |   831 |   423 ||  1650
